 Dungeon Crawl Stone Soup version 0.28.0-47-ge53b351184 (webtiles) character file.

Game seed: 1757186043876154192

539 pkoi the Stinger (level 6, -4/45 HPs)
             Began as a Demigod Venom Mage on Apr 28, 2022.
             Slain by a hound (5 damage)
             ... on level 4 of the Dungeon.
             The game lasted 00:08:28 (8119 turns).

pkoi the Stinger (Demigod Venom Mage)               Turns: 8119, Time: 00:08:29

Health: -4/45      AC:  5    Str: 10 (12) XL:     6   Next: 75%
Magic:  8/12       EV: 12    Int: 29 (32) God:
Gold:   136        SH:  0    Dex: 12 (14) Spells: 2/9 levels left

rFire   . . .      SeeInvis .   q - +2 short sword (venom)
rCold   + . .      Faith    .   (no shield)
rNeg    . . .      Spirit   .   a - +0 robe
rPois   .          Reflect  .   (no helmet)
rElec   .          Harm     .   (no cloak)
rCorr   .          Rampage  .   c - +0 pair of gloves
Will    .....                   k - +1 pair of boots
Stlth   ++........              u - amulet of magic regeneration
HPRegen 0.15/turn               t - ring of Xixouxt {rC+ Str+3 Int+7}
MPRegen 0.53/turn               (no ring)

@: very slightly contaminated
A: high MP 1, forlorn, divine attributes
a: no special abilities


You were on level 4 of the Dungeon.
You visited 1 branch of the dungeon, and saw 5 of its levels.

You collected 136 gold pieces.

Inventory:

Hand Weapons
 d - a +0 spear
 e - a +0 dagger
 g - a +0 short sword
 q - a +2 short sword of venom (weapon)
 s - a +0 rapier
Armour
 a - a +0 robe (worn)
 c - a +0 pair of gloves (worn)
 k - a +1 pair of boots (worn)
Jewellery
 t - the ring of Xixouxt (left hand) {rC+ Str+3 Int+7}
   (You found it on level 5 of the Dungeon)

   [ring of protection from cold]

   Str:       It affects your strength (+3).
   Int:       It affects your intelligence (+7).
   rC:        It protects you from cold.
 u - an amulet of magic regeneration (around neck)
Wands
 i - a wand of mindburst (15)
 r - a wand of iceblast (12)
 w - a wand of acid (9)
Scrolls
 j - 2 scrolls of blinking
 p - 2 scrolls of teleportation
 v - a scroll of identify
Potions
 f - a potion of attraction {unknown}
 h - a potion of lignification
 l - 2 potions of curing {unknown}
 m - a potion of cancellation {unknown}
 n - 2 potions of ambrosia {unknown}
 o - 2 potions of berserk rage {unknown}


   Skills:
 - Level 1.7 Dodging
 - Level 1.7 Stealth
 + Level 3.5 Unarmed Combat
 + Level 2.4 Spellcasting
 - Level 0.8 Transmutations
 + Level 5.6 Poison Magic
 + Level 1.5 Evocations


You had 2 spell levels left.
You knew the following spells:

 Your Spells              Type           Power      Damage    Failure   Level
a - Sting                 Tmut/Pois      88%        1d7       2%          1
b - Poisonous Vapours     Pois/Air       38%        N/A       3%          2
c - Olgreb's Toxic Radia  Pois           36%        N/A       8%          4

Your spell library contained the following spells:

 Spells                   Type           Power      Damage    Failure   Level
 Sandblast                Erth           6%         2d5       9%          1
 Passwall                 Tmut/Erth      5%         N/A       11%         2
 Mephitic Cloud           Conj/Pois/Air  14%        N/A       12%         3
 Stone Arrow              Conj/Erth      6%         3d7       24%         3


Dungeon Overview and Level Annotations

Branches:
Dungeon (5/15)
 Temple: D:4-7

Shops:
D:1 =


Innate Abilities, Weirdness & Mutations

You have an increased reservoir of magic. (+10% MP)
You shall have no god before yourself.
Your divine heritage dramatically boosts your attributes as you level up.


Message History

You feel sick. The hound bites you.
* * * LOW HITPOINT WARNING * * *
You feel sick.
You feel sick.
The orc priest miscasts a cantrip.
The hound bites you.
* * * LOW HITPOINT WARNING * * *
You feel sick.
You are no longer poisoned.
The hound bites you but does no damage.
Casting: Olgreb's Toxic Radiance (dangerous; 6% risk of failure)
Confirm with . or Enter, or press ? or * to list all spells.
You begin to radiate toxic energy.
The orc priest is poisoned.
The hound is poisoned.
The orc priest looks even sicker.
The hound bites you.
* * * LOW HITPOINT WARNING * * *
The hound bites you.
* * * LOW HITPOINT WARNING * * *
Casting: Olgreb's Toxic Radiance (dangerous; 6% risk of failure)
Confirm with . or Enter, or press ? or * to list all spells.
Aiming: Poisonous Vapours (safe; 3% risk of failure)
Press: ? - help, Dir - move target, f - orc priest
Aim: an orc priest, wielding a +0 falchion and wearing a +0 ring mail (moderately wounded, very poisoned)
Okay, then.
Unknown command.
Aiming: Sting (safe; 1% risk of failure)
Press: ? - help, Q - select action, (/) - cycle Shift-Dir - straight line, f - hound
Aim: a hound (heavily wounded, poisoned, 67% to hit)
The sting hits the hound.
The hound looks even sicker.
The hound is severely wounded.
The orc priest looks even sicker.
Your toxic aura wanes.
The hound bites you.
* * * LOW HITPOINT WARNING * * *
It was a potion of degeneration.
There was something very wrong with that liquid.
You feel weakened.
You feel dopey.
You feel clumsy. The hound bites you.
* * * LOW HITPOINT WARNING * * *
The hound bites you.
You die...

#.## ##.....## #..# #..##
##.......## ##..#
###...####.........####...#
##........'.....>...'.......
#.#....####>........####....
##.##.## ##..o....## ##...
#.#### ##.....## #### #.#
######...## # #.#
#..@ho....# # #.#
#.#######.# # #.# #.# #.# #
#.######.# #.# # #........#
#.########## ########.#
#........... #.#
#.########## #.#######.#
#.........#


You could see a hound (very poisoned) and an orc priest (very poisoned).

Vanquished Creatures
  Eustachio (D:4)
  Menkaure (D:4)
  2 bullfrog zombies
  An orc priest (D:5)
  A bullfrog skeleton (D:5)
  An iguana (D:4)
  3 adders
  3 worms (D:2)
  3 dart slugs
  6 orcs
  9 ball pythons
  6 endoplasms
  3 giant cockroaches
  10 goblins
  6 hobgoblins
  2 jackals (D:1)
  9 quokkas
  2 bats
  3 frilled lizards
  6 kobolds
  A quokka skeleton (D:4)
  7 rats
86 creatures vanquished.

Vanquished Creatures (others)
  A human (D:4)
1 creature vanquished.

Grand Total: 87 creatures vanquished

Notes
Turn   | Place    | Note
-------+----------+-------------------------------------------
     0 | D:1      | pkoi the Demigod Venom Mage began the quest for the Orb.
     0 | D:1      | Reached XP level 1. HP: 14/14 MP: 5/5
    38 | D:1      | Found Nuruciur's Jewellery Boutique.
    54 | D:1      | Reached skill level 3 in Poison Magic
   332 | D:1      | Reached XP level 2. HP: 11/20 MP: 0/7
  1879 | D:1      | Reached XP level 3. HP: 20/26 MP: 3/8
  2031 | D:2      | Reached skill level 4 in Poison Magic
  2952 | D:2      | Learned a level 2 spell: Poisonous Vapours
  3215 | D:2      | Reached XP level 4. HP: 24/33 MP: 3/9
  4124 | D:3      | Noticed an ice beast
  4468 | D:3      | You fall into a shaft and drop 1 floor!
  4831 | D:4      | Reached skill level 1 in Unarmed Combat
  5646 | D:4      | Noticed Eustachio
  5668 | D:4      | Killed Eustachio
  5669 | D:4      | Reached skill level 5 in Poison Magic
  5669 | D:4      | Reached XP level 5. HP: 37/38 MP: 1/10
  5947 | D:4      | Reached XP level 6. HP: 34/45 MP: 8/11
  6151 | D:4      | Noticed Menkaure
  6155 | D:4      | Killed Menkaure
  6156 | D:4      | Reached skill level 1 in Evocations
  6264 | D:4      | Learned a level 4 spell: Olgreb's Toxic Radiance
  6683 | D:4      | Noticed a human
  6686 | D:4      | Killed a human
  6714 | D:5      | Entered Level 5 of the Dungeon
  6715 | D:5      | Identified the ring of Xixouxt {rC+ Str+3 Int+7}
  8119 | D:4      | HP: 1/45 [hound (4)]
  8119 | D:4      | Slain by a hound

Illustrated notes

Levels and vault maps discovered:
D:1:      wander_arrival_chamber, layout_basic, serial_shops, shop,
          serial_bayou_pond_d
D:2:      layout_basic, basic_altar, basic_ecumenical_altar
D:3:      layout_loops_ring, kennysheep_minor_cross
D:4:      layout_loops_corners, tgw_kikubaaqudgha, uniq_menkaure, uniq_eustachio
D:5:      layout_cave_pools, trog_butcher_becter, minmay_misc_feat_columns

Skill      XL: |  1  2  3  4  5  6 |
---------------+-------------------+-----
Poison Magic   | 3 4 5 |  5.6
Unarmed Combat | 3 |  3.5
Spellcasting   | 2 |  2.4
Evocations     | 1 |  1.5
Dodging        | |  1.7
Stealth        | |  1.7
Transmutations | |  0.8

Action                   |  1- 3 |  4- 6 || total
-------------------------+-------+-------++-------
Melee: Unarmed           |     4 |       ||     4
       Dagger            |     4 |    14 ||    18
       Short sword       |       |    36 ||    36
       Punch             |       |     2 ||     2
 Cast: Sting             |    89 |    73 ||   162
       Poisonous Vapours |       |    11 ||    11
       Olgreb's Toxic Ra |       |     2 ||     2
Evoke: Wand              |       |     3 ||     3
  Use: Scroll            |       |     7 ||     7
       Potion            |       |     1 ||     1
Armor: Robe              |    10 |    26 ||    36
Dodge: Dodged            |    27 |    53 ||    80
